Map: Inside and Out

Players

I.A. 1 (Molto facile)

  • Race: Zerg Zerg
  • Spawn Location: 1:00

lorimbo - Winner!

  • Race: Zerg Zerg
  • League: Master
  • Spawn Location: 7:00

VOD

Have the link to the VOD?

Description

Time

  • Played on: Nov. 28, 2022, 11:05 a.m.
  • Length: 6:51
Show
View Real Time Build Order
Export as new Build Order

I.A. 1 (Molto facile) Zerg 

Build Orders: Pool Only 

Get SALT Encoding   

  12  0:01  Drone  
  13  0:13  Overlord  
  13  0:16  Drone  
  14  0:35  Spawning Pool  
  13  0:37  Extractor  
  13  0:40  Drone  
  13  0:47  Drone  
  14  0:53  Overlord  
  14  1:22  Queen, Zergling x2  
  17  1:33  Roach Warren  
  17  1:37  Drone  
  17  1:42  Extractor  
  17  1:46  Drone  
  17  1:48  Zergling x2  
  18  2:04  Drone  
  19  2:12  Drone  
  19  2:13  Zergling x2  
  21  2:20  Drone  
  22  2:28  Overlord  
  22  2:34  Drone  
  23  2:39  Roach  
  23  2:41  Drone  
  26  2:48  Drone  
  27  6:07  Zergling x2  
  22  6:33  Zergling x2  
  22  6:34  Drone  
Show
View Real Time Build Order
Export as new Build Order

lorimbo Zerg - Winner!

Build Orders: Hatch First 

Get SALT Encoding   

  12  0:00  Drone  
  13  0:13  Overlord  
  13  0:16  Drone  
  14  0:33  Drone x2  
  16  0:49  Hatchery  
  15  0:52  Drone  
  15  0:56  Drone  
  17  0:58  Drone  
  18  1:11  Extractor  
  17  1:14  Spawning Pool  
  17  1:17  Drone  
  17  1:20  Drone  
  18  1:28  Drone  
  19  1:40  Drone  
  20  1:50  Overlord  
  20  2:00  Queen x2  
  24  2:02  Zergling x4  
  26  2:12  Drone x2  
  28  2:20  Metabolic Boost  
  28  2:23  Drone x2  
  30  2:36  Hatchery  
  29  2:41  Drone x2  
  32  2:44  Drone  
  32  2:46  Overlord  
  32  2:53  Queen  
  32  2:57  Drone  
  32  2:58  Drone  
  36  3:06  Drone x2  
  36  3:10  Drone  
  36  3:11  Drone x2  
  41  3:16  Overlord  
  41  3:18  Queen  
  43  3:24  Drone  
  44  3:33  Queen  
  46  3:35  Drone x2  
  48  3:42  Evolution Chamber  
  48  3:44  Roach Warren  
  48  3:46  Drone x2  
  48  3:48  Evolution Chamber, Drone  
  48  3:49  Extractor x2  
  48  3:51  Drone  
  48  3:53  Drone  
  48  3:58  Lair  
  48  4:03  Drone x2  
  48  4:04  Drone  
  48  4:07  Drone x2  
  53  4:15  Overlord x2  
  53  4:21  Zerg Missile Weapons Level 1  
  53  4:31  Overlord  
  53  4:33  Roach x4  
  61  4:42  Roach x4  
  69  4:46  Roach  
  71  4:57  Glial Reconstitution  
  71  4:58  Overlord x2  
  71  4:59  Overlord  
  71  5:01  Roach  
  71  5:06  Roach  
  71  5:07  Roach  
  77  5:10  Roach  
  77  5:13  Roach  
  81  5:17  Roach  
  81  5:18  Overlord  
  81  5:20  Roach  
  85  5:24  Roach  
  85  5:26  Roach  
  89  5:31  Roach  
  89  5:32  Roach  
  93  5:36  Roach  
  93  5:38  Roach  
  93  5:40  Overlord x2  
  93  5:41  Roach  
  99  5:45  Roach  
  99  5:49  Roach  
  103  5:50  Roach  
  103  5:56  Roach x2  
  109  6:02  Roach  
  111  6:07  Roach x2  
  111  6:10  Roach  
  117  6:11  Roach  
  117  6:18  Roach x2  
  123  6:23  Roach  
  124  6:31  Roach  
  124  6:32  Roach x2  
Tags
 
League
Master
Matchup
ZvZ
Race
Zerg
Spawn Locations
Cross Positions
Add a new tag
Caveats
  • Supply blocks, unpowered buildings, or Contaminate may cause inaccurate times.
  • Supply counts are checked every 10 seconds.